 Dungeon Crawl Stone Soup version 0.14-a0-1585-g835621a (webtiles) character file.

336 HollowCharge the Cudgeler (level 5, -3/55 HPs)
             Began as an Ogre Gladiator on Dec 22, 2013.
             Killed from afar by an orc wizard (4 damage)
             ... with a magic dart
             ... on Level 4 of the Dungeon.
             The game lasted 00:18:17 (4171 turns).

HollowCharge the Cudgeler (Ogre Gladiator)          Turns: 4171, Time: 00:18:18

HP  -3/55        AC  3     Str 21      XL: 5   Next: 57%
MP   5/5         EV 10     Int  7      God:
Gold 159         SH  0     Dex  6 (10) Spells:  0 memorised,  4 levels left

rFire  . . .     SeeInvis .     a - +0,+1 mace
rCold  . . .     Clarity  .     l - +0 elf robe
rNeg   . . .     Conserve .     (shield restricted)
rPois  .         rCorr    .     c - +0 cap
rElec  .         rRot     .     (no cloak)
SustAb . .       Spirit   .     (gloves unavailable)
rMut   .         Warding  .     (boots unavailable)
Saprov + . .     Stasis   .     (no amulet)
                                (no ring)
                                k - ring of protection from magic {unknown}

@: invisible, mildly poisoned, very slightly contaminated, drained, quite
resistant to hostile enchantments, very unstealthy
A: unfitting armour, fast metabolism 1, saprovore 1, tough skin 1
a: no special abilities


You were on level 4 of the Dungeon.
You were hungry.

You visited 1 branch of the dungeon, and saw 4 of its levels.

You collected 159 gold pieces.

Inventory:

Hand weapons
 a - a +0,+1 mace (weapon)
Missiles
 m - 2 throwing nets [frayed] (quivered)
Armour
 b - a +0 animal skin
 c - a +0 cap (worn)
 l - a +0 elven robe (worn)
Comestibles
 f - 5 meat rations
 h - a bread ration
 i - 2 chokos
 j - a pear
 n - an apple
Scrolls
 g - 2 scrolls of remove curse
Jewellery
 k - a ring of protection from magic (left hand) {unknown}


   Skills:
 + Level 4.4(3.8) Fighting
 + Level 5.6(4.9) Maces & Flails
 - Level 2.1(1.5) Throwing
 + Level 4.0(3.4) Dodging


You had 4 spell levels left.
You didn't know any spells.

Dungeon Overview and Level Annotations

Branches:
Dungeon (4/16)
 Temple: D:4-7

Altars:

Annotations:
D:3 Sigmund, Terence


Innate Abilities, Weirdness & Mutations

You are too large for most types of armour.
You have a fast metabolism.
You can tolerate rotten meat.
You have tough skin (AC +1).


Message History

The magic dart hits you!
* * * LOW HITPOINT WARNING * * *
The orc wizard hits you with an orcish short sword.
* * * LOW HITPOINT WARNING * * *
There was something very wrong with that liquid!
You feel clumsy.
It was a potion of degeneration.
* * * LOW HITPOINT WARNING * * *
You feel sick.
You feel a little better.
The orc wizard is no longer moving quickly.
The orc wizard barely misses you.
The orc wizard casts a spell.
The orc wizard seems to speed up.
You hit the orc wizard.
The orc wizard is heavily wounded.
The orc wizard closely misses you. The orc wizard casts a spell at you.
The magic dart hits you!
You die...

#......# #.o....
############.##.### ###..#
#..........#.##.# ....#
#..........#.##.######...#
#.............)..a.......#
#............##.#####....#
#...........###.# #....#
#######'###o# #.# #.#+##
#####.###@# #.#####.#
#.......o.# #.##....#
#############'##....+
#..........#
#####.........##
#.............#
#.........#####
#.........# #.........#
####


You could see 2 orc wizards.

Vanquished Creatures
  A worker ant (D:4)
  An iguana (D:4)
  An orc wizard (D:4)
  Ijyb (D:3)
  An adder (D:2)
  3 worms (D:2)
  3 giant geckos
  An ooze (D:1)
  2 orcs (D:4)
  5 bats (D:1)
  6 goblins
  9 hobgoblins
  A ball python skeleton (D:4)
  3 giant cockroaches
  8 giant newts
  6 kobolds
  5 rats
57 creatures vanquished.

Vanquished Creatures (others)
  A plant (D:4)
1 creature vanquished.

Grand Total: 58 creatures vanquished

Notes
Turn   | Place    | Note
--------------------------------------------------------------
     0 | D:1      | HollowCharge, the Ogre Gladiator, began the quest for the Orb.
     0 | D:1      | Reached XP level 1. HP: 22/22 MP: 1/1
   355 | D:1      | Reached XP level 2. HP: 31/31 MP: 2/2
   881 | D:1      | Reached XP level 3. HP: 34/37 MP: 3/3
  1771 | D:2      | Reached XP level 4. HP: 16/46 MP: 4/4
  2542 | D:2      | Reached skill level 5 in Maces & Flails
  2982 | D:3      | Noticed Terence
  3200 | D:3      | Noticed Ijyb
  3228 | D:3      | Killed Ijyb
  3426 | D:3      | Noticed Sigmund
  3596 | D:4      | Reached XP level 5. HP: 30/54 MP: 5/5
  4169 | D:4      | HP: 2/55 [orc wizard/orcish short sword (5)]
  4171 | D:4      | Killed from afar by an orc wizard

Action                   |  1- 3 |  4- 6 || total
-------------------------+-------+-------++-------
Melee: Mace              |   110 |   116 ||   226
Throw: Throwing net      |     1 |     7 ||     8
  Use: Scroll            |       |     6 ||     6
       Potion            |       |     3 ||     3
